 Zot Defence DCSS version 0.14-a0-2080-ge317583 (webtiles) character file.

39 BluebellGnoll the Shooter (level 3, 0/7 (23) HPs)
             Began as a High Elf Hunter on Jan 24, 2014.
             Rotted away (Bolgrim the orc warrior)
             ... in the Realm of Zot (Scenario I: Hall of Zot).
             The game lasted 00:04:32 (351 turns).

BluebellGnoll the Shooter (High Elf Hunter)          Turns: 351, Time: 00:04:32

HP   0/7 (23)    AC  3     Str 11      XL: 3   Next: 26%
MP   5/5         EV 11     Int 15      God:
Gold 0           SH  0     Dex 16      Spells:  0 memorised,  2 levels left

rFire  . . .     SeeInvis .     b - +1 elf bow
rCold  . . .     Clarity  .     d - +0 elf leather armour
rNeg   . . .     Conserve .     (no shield)
rPois  .         rCorr    .     (no helmet)
rElec  .         rRot     .     (no cloak)
SustAb . .       Spirit   .     (no gloves)
rMut   .         Warding  .     (no boots)
Saprov . . .     Stasis   .     (no amulet)
MR     .....                    (no ring)
                                (no ring)

@: not resistant to hostile enchantments, unstealthy
A: no striking features
a: Make dart trap, Make oklob sapling, Make arrow trap


You were in the Realm of Zot.
You were not hungry.

You visited 1 branch

Inventory:

Hand weapons
 a - a +0,+0 elven short sword
 b - a +1,+1 elven bow (weapon)
 l - a +0,+0 short sword
 m - a +0,+0 whip of venom
Missiles
 c - 14 arrows (quivered)
 n - 7 darts
Armour
 d - a +0 elven leather armour (worn)
Comestibles
 f - a bread ration
Scrolls
 k - a scroll of blinking
Potions
 e - 3 potions of curing
 g - a potion of heal wounds
 h - a potion of speed
 i - 2 potions of magic
 j - a potion of berserk rage


   Skills:
 * Level 1.3 Fighting
 + Level 6.3 Bows
 * Level 0.3 Armour
 * Level 2.5 Dodging
 - Level 1.1 Stealth


You had 2 spell levels left.
You didn't know any spells.

Dungeon Overview and Level Annotations

Branches:
    Zot (1/1)

Altars:


Message History

Firing (i - inventory. (,) - cycle):
c - 16 arrows (quivered)
Press: ? - help, Shift-Dir - straight line, f/p - Bolgrim
Aim: Bolgrim the orc warrior, wielding an orcish glaive and wearing an orcish chain mail (moderately wounded)
You shoot an arrow. The arrow hits Bolgrim.
Your flesh rots away as the Orb of Zot is desecrated.
Bolgrim is heavily wounded.
Your flesh rots away as the Orb of Zot is desecrated.
Firing (i - inventory. (,) - cycle):
c - 15 arrows (quivered)
Press: ? - help, Shift-Dir - straight line, f/p - Bolgrim
Aim: Bolgrim the orc warrior, wielding an orcish glaive and wearing an orcish chain mail (heavily wounded)
You shoot an arrow. The arrow hits Bolgrim.
Bolgrim is heavily wounded.
Your flesh rots away as the Orb of Zot is desecrated.
* * * LOW HITPOINT WARNING * * *
Your flesh rots away as the Orb of Zot is desecrated.
* * * LOW HITPOINT WARNING * * *
Your flesh rots away as the Orb of Zot is desecrated.
* * * LOW HITPOINT WARNING * * *
Your flesh rots away as the Orb of Zot is desecrated.
You die...

▓▓▓ ▓▓▓▓▓▓▓▓▓▓▓▓▓ ▓▓▓
▓▓▓▓......... ..▓▓▓
▓▓▓............ ....▓▓
▓▓.............. .....▓ ▓▓▓▓▓▓▓▓▓
▓...............
.....▓▓▓.......▓▓▓...............
.....▓▓(........▓▓...............
.....▓..(........▓...............
.....^^^^(.o.%^^@^...............
.....▓.....%.....▓...............
..S..▓▓........(▓▓...............
.....▓▓▓.......▓▓▓...............
.....# ▓▓▓▓▓▓▓▓▓ #...............
....## ##.............. ..###
###............ ### ####.........
#### ##############


You could see Bolgrim the orc warrior.

Vanquished Creatures
  A goblin (Zot)
  A kobold (Zot)
  A bat (Zot)
3 creatures vanquished.

Vanquished Creatures (others)
  A ball python (Zot)
  5 kobolds (Zot)
  A giant cockroach (Zot)
  4 giant newts (Zot)
  9 goblins (Zot)
  5 rats (Zot)
25 creatures vanquished.

Grand Total: 28 creatures vanquished

Notes
Turn   | Place    | Note
--------------------------------------------------------------
     0 | Zot      | BluebellGnoll, the High Elf Hunter, began the quest for the Orb.
     0 | Zot      | Reached XP level 1. HP: 13/13 MP: 2/2
   193 | Zot      | Reached XP level 2. HP: 18/18 MP: 3/3
   212 | Zot      | Reached skill level 6 in Bows
   310 | Zot      | Reached XP level 3. HP: 21/23 MP: 5/5
   346 | Zot      | Noticed Bolgrim
   351 | Zot      | Rotted away (Bolgrim the orc warrior)

Action                   || total
-------------------------++-------
Melee: Short sword       ||     2
 Fire: Bow               ||     6
Throw: Dart              ||     8
 Abil: Make dart trap    ||    15
